Map: Cactus Valley LE (Void)

Players

AgCl

  • Race: Protoss Protoss

MrTrenbolon - Winner!

  • Race: Terran Terran

VOD

Have the link to the VOD?

Description

Time

  • Played on: May 1, 2015, 8:23 a.m.
  • Length: 14:03
Show
View Real Time Build Order
Export as new Build Order

AgCl Protoss 

Build Orders: Nexus First, Carrier Rush 

Get SALT Encoding   

  12  0:02  Probe  
  13  0:15  Probe  
  14  0:44  Assimilator  
  14  0:45  Pylon  
  14  0:59  Nexus  
  14  1:09  Gateway  
  14  1:14  Probe (Chrono Boost)  
  15  1:25  Probe (Chrono Boost)  
  16  1:31  Probe (Chrono Boost)  
  17  1:43  Probe  
  17  1:45  Pylon  
  18  1:55  Probe  
  19  2:07  Probe  
  20  2:09  Assimilator  
  20  2:16  Cybernetics Core, Probe  
  20  2:20  Probe (Chrono Boost)  
  23  2:32  Probe (Chrono Boost)  
  23  2:34  Probe (Chrono Boost)  
  24  2:42  Probe (Chrono Boost)  
  24  2:43  Probe (Chrono Boost), Pylon  
  26  2:50  Probe (Chrono Boost)  
  28  2:52  Probe (Chrono Boost)  
  28  2:56  Pylon  
  29  3:00  Mothership Core (Chrono Boost)  
  31  3:05  Probe (Chrono Boost)  
  32  3:14  Probe (Chrono Boost)  
  32  3:15  Pylon  
  32  3:17  Probe (Chrono Boost)  
  33  3:21  Probe (Chrono Boost)  
  33  3:23  Probe  
  35  3:30  Stargate  
  35  3:33  Probe  
  36  3:35  Probe  
  36  3:48  Forge  
  36  3:49  Probe (Chrono Boost)  
  36  3:52  Probe (Chrono Boost)  
  38  3:58  Assimilator  
  38  4:00  Probe (Chrono Boost)  
  38  4:01  Probe (Chrono Boost)  
  40  4:07  Probe x2 (Chrono Boost)  
  42  4:15  Assimilator  
  42  4:18  Probe  
  42  4:19  Probe  
  44  4:24  Photon Cannon  
  44  4:25  Fleet Beacon  
  44  4:30  Probe  
  45  4:33  Cybernetics Core  
  45  4:35  Probe  
  45  4:36  Protoss Air Weapons Level 1 (Chrono Boost)  
  46  4:41  Photon Cannon  
  47  4:45  Probe (Chrono Boost)  
  47  4:47  Probe (Chrono Boost), Pylon  
  48  4:55  Carrier (Chrono Boost)  
  48  4:57  Probe (Chrono Boost)  
  48  4:58  Probe (Chrono Boost)  
  49  5:04  Probe  
  49  5:06  Probe  
  49  5:16  Probe  
  49  5:18  Graviton Catapult (Chrono Boost)  
  49  5:19  Probe  
  57  5:27  Stargate  
  57  5:28  Probe (Chrono Boost)  
  57  5:29  Pylon  
  57  5:34  Probe (Chrono Boost)  
  59  5:40  Probe (Chrono Boost)  
  59  5:42  Photon Cannon  
  60  5:44  Warp Gate (Chrono Boost)  
  60  5:48  Mothership Core (Chrono Boost)  
  62  5:50  Twilight Council  
  60  6:07  Phoenix (Chrono Boost)  
  62  6:44  Pylon  
  62  6:49  Pylon  
  62  6:52  Carrier (Chrono Boost)  
  62  7:00  Nexus, Pylon  
  62  7:02  Pylon  
  62  7:07  Probe  
  75  7:15  Templar Archives  
  75  7:16  Pylon  
  69  7:30  Probe, Pylon  
  69  7:32  Carrier (Chrono Boost)  
  69  7:36  Charge  
  55  7:42  Protoss Ground Weapons Level 1  
  48  8:04  Pylon  
  48  8:05  Pylon x2  
  47  8:06  Pylon  
  47  8:19  Probe x2 (Chrono Boost)  
  49  8:32  Probe x2 (Chrono Boost)  
  51  8:37  Protoss Air Weapons Level 2 (Chrono Boost)  
  51  8:39  Probe (Chrono Boost)  
  52  8:46  Probe (Chrono Boost)  
  54  8:48  Probe (Chrono Boost)  
  55  8:55  Probe (Chrono Boost)  
  55  9:00  Carrier  
  55  9:11  Zealot  
  49  9:36  Probe (Chrono Boost)  
  49  9:37  Probe (Chrono Boost)  
  53  9:46  Probe x2 (Chrono Boost)  
  53  9:49  Assimilator  
  53  9:52  Assimilator  
  53  9:59  Zealot  
  55  10:13  Probe (Chrono Boost)  
  57  10:14  Probe (Chrono Boost)  
  57  10:21  Psionic Storm  
  57  10:31  Pylon  
  57  10:41  High Templar  
  59  11:09  Gateway  
  59  11:12  Pylon  
  59  11:17  Probe  
  60  11:20  Gateway, Pylon  
  32  12:13  Zealot  
  34  12:41  Zealot  
Show
View Real Time Build Order
Export as new Build Order

MrTrenbolon Terran - Winner!

Build Orders: MMM Bio 

Get SALT Encoding   

  12  0:02  SCV  
  13  0:14  SCV  
  14  0:23  Supply Depot  
  14  0:34  SCV  
  15  0:47  SCV, Barracks  
  16  0:59  SCV  
  16  1:00  Refinery  
  17  1:11  SCV  
  18  1:23  SCV  
  19  1:35  SCV  
  19  1:36  Barracks  
  19  1:37  Barracks  
  20  1:45  Reaper  
  21  1:48  Orbital Command  
  21  1:51  Refinery  
  21  2:27  Command Center  
  21  2:32  Barracks Tech Lab  
  21  2:36  SCV  
  22  2:42  Barracks Reactor  
  22  2:45  Barracks Reactor, Supply Depot  
  22  3:04  Stimpack, Marine  
  23  3:07  SCV  
  24  3:19  SCV  
  25  3:20  Marine x2  
  25  3:22  Marine  
  25  3:26  Marine x2  
  30  3:31  SCV  
  30  3:32  Supply Depot  
  31  3:39  Marine x2  
  33  3:43  SCV  
  33  3:44  Supply Depot  
  34  3:51  Marauder  
  34  3:55  SCV  
  36  4:04  Supply Depot, Marine  
  37  4:10  Orbital Command  
  37  4:12  Marauder  
  39  4:22  Factory, Marine x2  
  41  4:28  Marine  
  42  4:31  SCV  
  42  4:36  SCV  
  44  4:40  Marine  
  44  4:42  Marauder  
  44  4:43  SCV  
  48  4:46  Marine  
  48  4:48  SCV  
  50  4:54  Supply Depot  
  50  4:55  SCV  
  50  5:00  Marine x2  
  50  5:01  Marine  
  50  5:03  Marauder, Marine  
  50  5:04  Combat Shields  
  56  5:09  Starport  
  56  5:10  Factory Reactor  
  55  5:22  Marine x4  
  55  5:24  SCV  
  55  5:25  Marauder  
  62  5:33  Supply Depot  
  62  5:37  Engineering Bay  
  62  5:39  Marine  
  62  5:40  Engineering Bay, Marine x2  
  65  5:46  Marauder  
  67  5:52  SCV x2  
  68  6:04  SCV  
  68  6:07  Marine x4  
  68  6:08  Medivac x2, Marauder  
  78  6:23  Concussive Shells  
  75  6:29  Marine  
  75  6:30  Marauder  
  75  6:38  Terran Infantry Weapons Level 1, Medivac  
  67  6:50  SCV  
  67  6:51  SCV  
  67  6:52  Marauder  
  67  6:53  Refinery  
  71  6:55  Command Center, Refinery  
  71  6:59  Terran Infantry Armor Level 1  
  71  7:03  SCV, Factory Tech Lab  
  71  7:08  Marine x4  
  72  7:12  SCV  
  72  7:13  Marauder  
  72  7:15  SCV  
  77  7:34  Marauder  
  77  7:41  Marine x2  
  77  7:43  Medivac x2  
  83  7:44  SCV x2  
  83  7:49  Supply Depot x2  
  81  7:56  SCV, Marauder  
  81  7:57  SCV  
  80  7:59  Marine x2  
  80  8:00  Marine x2  
  83  8:09  SCV x2  
  85  8:17  Marauder  
  87  8:21  SCV x2, Barracks x2  
  87  8:23  Armory  
  87  8:24  Marine x3  
  92  8:33  SCV x2, Orbital Command  
  94  8:39  Marauder  
  96  8:45  SCV x2  
  96  8:47  Supply Depot  
  98  8:49  Marine  
  98  8:51  Supply Depot  
  98  8:53  Supply Depot  
  99  8:57  SCV x2  
  99  9:00  Marauder  
  103  9:09  SCV  
  103  9:16  Barracks Reactor x2  
  96  9:17  Terran Infantry Weapons Level 2  
  96  9:18  Terran Infantry Armor Level 2  
  96  9:20  Viking x2  
  96  9:21  Marauder  
  96  9:22  SCV x3  
  105  9:29  Marine  
  105  9:30  Marine x3  
  107  9:34  SCV x3  
  97  9:43  Marauder  
  90  9:47  Marine  
  90  9:48  SCV, Marine x3  
  90  9:50  Viking, Medivac  
  99  9:53  SCV x2  
  99  9:59  Command Center  
  101  10:00  SCV  
  101  10:04  Marine  
  101  10:05  SCV, Marine  
  101  10:06  Marine  
  106  10:08  Marine  
  106  10:09  Marine x4  
  106  10:10  Marine  
  112  10:17  Refinery  
  112  10:19  Refinery  
  112  10:20  Medivac  
  114  10:22  Marauder  
  114  10:23  Marine x2  
  114  10:26  Marine x2  
  114  10:27  Marine x4  
  124  10:40  Medivac  
  124  10:41  Barracks, Marine x2  
  128  10:43  Barracks, Marauder  
  128  10:44  Barracks, Marine x2  
  128  10:45  Marine  
  119  10:50  Refinery, Medivac  
  119  10:54  Refinery  
  115  11:03  Marine x4  
  115  11:04  Marine x4  
  119  11:05  Marauder  
  119  11:10  Medivac  
  126  11:20  Medivac  
  126  11:21  Marine x5  
  126  11:22  Marine x3  
  136  11:26  Marauder  
  136  11:31  Barracks  
  132  11:40  Viking  
  132  11:46  Command Center, Missile Turret  
  130  11:48  Missile Turret  
  130  11:50  Viking  
  120  11:59  SCV x3  
  104  12:04  Orbital Command  
  104  12:05  Command Center  
  104  12:08  Barracks Tech Lab  
  98  12:10  Viking  
  98  12:11  Barracks Reactor x3  
  98  12:13  Reaper, Marine  
  98  12:14  Marine x6  
  103  12:20  Viking  
  105  12:33  Missile Turret  
  105  12:36  Missile Turret  
  105  12:37  Missile Turret, Marine x2  
  105  12:38  Marine x6  
  105  12:40  Viking  
  115  12:45  Marine  
  115  12:48  Marine  
  115  12:49  Marine x5  
  115  12:50  Viking  
  121  12:55  Marine x3  
  121  12:56  Marine x3  
  121  12:57  Marauder  
  124  13:03  Barracks Reactor  
  120  13:07  Marine x2  
  120  13:08  Marine x6  
  120  13:10  Viking  
  129  13:13  Marine x4  
  129  13:14  Marine x2  
  129  13:18  Marauder  
  129  13:19  Missile Turret x2  
  135  13:20  Viking  
  135  13:25  Marine  
  136  13:31  Missile Turret  
  136  13:32  Missile Turret, Marine x2  
  136  13:34  Missile Turret  
  133  13:37  Marine x2  
  133  13:38  Marine x4  
  133  13:40  Marauder  
  125  13:54  Missile Turret  
  125  13:55  Missile Turret  
Tags
 
Add a new tag
Caveats
  • Supply blocks, unpowered buildings, or Contaminate may cause inaccurate times.
  • Supply counts are checked every 10 seconds.